 Seeded DCSS version 0.29.1-15-g9cfb28693d (webtiles) character file.

Game seed: 1 (custom seed)

58 Kazon the Shield-Bearer (level 3, -2/31 HPs)
             Began as a Palentonga Fighter on Mar 17, 2023.
             Slain by a gnoll
             ... wielding a +0 halberd
              (5 damage)
             ... on level 2 of the Dungeon.
             The game lasted 00:05:06 (1270 turns).

Kazon the Shield-Bearer (Palentonga Fighter)        Turns: 1270, Time: 00:05:06

Health: -2/31      AC:  7    Str: 31    XL:     3   Next: 75%
Magic:  3/3        EV:  7    Int:  6    God:
Gold:   150        SH:  4    Dex: 13    Spells: 2/2 levels left

rFire   x . .      SeeInvis +   e - +2 dagger (venom)
rCold   + . .      Faith    .   c - +0 buckler
rNeg    . . .      Spirit   .   m - +0 scale mail
rPois   .          Reflect  .   l - +0 helmet
rElec   .          Harm     .   (no cloak)
rCorr   .          Rampage  .   (no gloves)
Will    .....                   (no barding)
Stlth   ..........              f - amulet of the acrobat
HPRegen 0.10/turn               o - ring of the Scorching Gods {Ice *Corrode Str+10 Int-4 Dex+4}
MPRegen 0.08/turn               (no ring)

@: lethally poisoned (-2 -> -7)
A: large, rugged brown scales 3, see invisible, deformed body, roll 1, armoured
tail
a: Rolling Charge


You were on level 2 of the Dungeon.
You visited 1 branch of the dungeon, and saw 2 of its levels.

You collected 150 gold pieces.

Inventory:

Hand Weapons
 a - a +0 long sword
 e - a +2 dagger of venom (weapon)
Missiles
 k - 3 stones (quivered)
Armour
 c - a +0 buckler (worn)
 l - a +0 helmet (worn)
 m - a +0 scale mail (worn)
Jewellery
 f - an amulet of the acrobat (around neck)
 o - the ring of the Scorching Gods (left hand) {Ice *Corrode Str+10 Int-4 Dex+4}
   (You acquired it on level 1 of the Dungeon)

   [ring of ice]

   It enhances your ice magic.
   Str:       It affects your strength (+10).
   Int:       It affects your intelligence (-4).
   Dex:       It affects your dexterity (+4).
   rF:        It makes you vulnerable to fire.
   rC:        It protects you from cold.
   *Corrode:  It may corrode you when you take damage.
Scrolls
 j - a scroll of identify {unknown}
 n - a scroll of immolation {unknown}
Potions
 b - a potion of berserk rage {unknown}
 d - a potion of might
 g - a potion of haste {unknown}
 h - a potion of flight {unknown}
 i - a potion of attraction {unknown}


   Skills:
 + Level 3.1 Fighting
 + Level 2.8 Long Blades
 + Level 2.8 Armour
 + Level 0.1 Dodging
 + Level 3.2 Shields


You had 2 spell levels left.
You didn't know any spells.
Your spell library contained the following spells:

 Spells                   Type           Power      Damage    Failure   Level
 Sting                    Tmut/Pois      0%         1d3       77%         1
 Poisonous Vapours        Pois/Air       0%         N/A       88%         2
 Olgreb's Toxic Radiance  Pois           0%         N/A       100%        4


Dungeon Overview and Level Annotations

Branches:
Dungeon (2/15)

Altars:


Innate Abilities, Weirdness & Mutations

You are completely covered in rugged brown scales. (AC +3, +7% HP)
You have supernaturally acute eyesight. (SInv)
Armour fits poorly on your strangely shaped body.
You can roll at nearby foes to attack.
You have a long armoured tail.


Message History

A gnoll comes into view. It is wielding a +0 halberd.
You hit the ball python.
The ball python is poisoned.
The ball python is severely wounded.
You kill the ball python!
Okay, then.
Roll where?
Press: ? - help, Dir - move target, f - gnoll
Aim: a gnoll, wielding a +0 spear and quivering a throwing net You roll forward with a clatter of scales!
An adder comes into view.
The adder hisses angrily.
You puncture the gnoll!
The gnoll is poisoned.
The gnoll is severely wounded.
The gnoll closely misses you.
You hit the gnoll but do no damage.
The gnoll looks as sick as possible!
The gnoll is severely wounded.
The gnoll hits you but does no damage. x2
You barely miss the gnoll.
The gnoll is almost dead.
The gnoll barely misses you. The gnoll hits you with a +0 spear.
You hit the gnoll but do no damage.
The gnoll looks as sick as possible!
The gnoll is almost dead.
You kill the gnoll!
The gnoll hits you from afar with a +0 halberd!
You hit the adder.
The adder is poisoned.
The adder is moderately wounded.
The adder bites you.
You are poisoned.
The adder poisons you! The gnoll barely misses you.
You hit the adder but do no damage.
The adder looks as sick as possible!
The adder is moderately wounded.
You feel sick. The adder bites you.
The gnoll hits you from afar with a +0 halberd!
* * * LOW HITPOINT WARNING * * *
You completely miss the adder.
Your tail-slap misses the adder.
The adder is severely wounded.
* * * LOW HITPOINT WARNING * * *
You feel sick. The adder bites you but does no damage.
The gnoll hits you from afar with a +0 halberd.
You die...

###.#
#.# #.#
#.# #>#
#.# #.#
#.# #@#
#S#
#..)g.#
#.....#
#.....#
#.....#
......#
.#.#.###
#.#.#.


You could see a gnoll and an adder (extremely poisoned).

Vanquished Creatures
  A gnoll (D:2)
  An adder (D:2)
  A worm (D:2)
  7 endoplasms
  A giant cockroach (D:1)
  7 goblins
  4 hobgoblins
  2 kobolds
  A quokka (D:1)
  2 ball pythons (D:2)
  2 bats
  A frilled lizard (D:2)
  3 rats (D:1)
33 creatures vanquished.

Notes
Turn   | Place    | Note
-------+----------+-------------------------------------------
     0 | D:1      | Kazon the Palentonga Fighter began the quest for the Orb.
     0 | D:1      | Reached XP level 1. HP: 19/19 MP: 1/1
    47 | D:1      | Identified a scroll of acquirement
    47 | D:1      | Acquired the ring of the Scorching Gods {Ice *Corrode
                  | Str+10 Int-4 Dex+4}
   262 | D:1      | Reached XP level 2. HP: 18/25 MP: 2/2
  1072 | D:2      | Reached XP level 3. HP: 25/31 MP: 3/3
  1270 | D:2      | Slain by a gnoll

Illustrated notes

Levels and vault maps discovered:
D:1:      dpeg_arrival_three_smaller_balls, layout_basic
D:2:      layout_loops_ring

Skill      XL: |  1 |
---------------+----+-----
Shields        | 3 |  3.2
Fighting       | |  3.1
Long Blades    | |  2.8
Armour         | |  2.8
Dodging        | |  0.1

Action                   || total
-------------------------++-------
Melee: Long sword        ||    89
       Tailslap          ||     4
       Dagger            ||    13
Throw: Stone             ||     4
 Abil: Rolling Charge    ||    17
  Use: Scroll            ||     1
Armor: Scale mail        ||    55
Dodge: Dodged            ||    39
Block: Buckler           ||    16
